 Dungeon Crawl Stone Soup version 0.29.0-4-gdea44cf6ec (webtiles) character file.

Game seed: 12278575149948307508

60 qw the Chopper (level 4, -4/34 (36) HPs)
             Began as a Barachi Chaos Knight on Sept 5, 2022.
             Slain by an orc priest
             ... wielding a +0 mace
              (5 damage)
             ... on level 2 of the Dungeon.
             The game lasted 00:00:49 (2196 turns).

qw the Chopper (Barachi Chaos Knight)               Turns: 2196, Time: 00:00:50

HP:   -4/34 (36)    AC: 12    Str: 13    XL:     4   Next: 6%
MP:   4/4           EV:  3    Int: 12    God:
Gold: 91            SH:  0    Dex: 12    Spells: 3/3 levels left

rFire   . . .      SeeInvis .   Y - +0 hand axe (chaos)
rCold   . . .      Faith    .   (no shield)
rNeg    . . .      Spirit   .   f - +0 plate armour
rPois   .          Reflect  .   (no helmet)
rElec   .          Harm     .   (no cloak)
rCorr   .          Rampage  .   (no gloves)
Will    .....      Rage     3%  b - +0 pair of boots
Stlth   ..........              (no amulet)
HPRegen 0.11/turn               (no ring)
MPRegen 0.09/turn               (no ring)

@: drained, slow
A: amphibious, slowness 1, strong legs 1, +LOS, hooves 1, berserk 1, weak 1
a: Hop


You were on level 2 of the Dungeon.
You visited 1 branch of the dungeon, and saw 3 of its levels.

You collected 91 gold pieces.


Innate Abilities, Weirdness & Mutations

You are amphibious.
You cover ground slowly.
You can hop short distances.
You have an extended range of vision and can be seen from far away.
You have large cloven feet.
You sometimes lose your temper in combat.
You are weak. (Str -2)


   Skills:
 - Level 3.6 Fighting
 + Level 5.0 Axes
 - Level 3.0 Armour
 - Level 1.1 Dodging


You had 3 spell levels left.
You didn't know any spells.
Your spell library was empty.

Inventory:

Hand Weapons
 d - a +0 club
 Y - a +0 hand axe of chaos (weapon)
Armour
 b - a +0 pair of boots (worn)
 f - a +0 plate armour (worn)
Scrolls
 g - a scroll of identify
Potions
 a - a potion of cancellation {unknown}
 e - a potion of flight {unknown}
 h - a potion of curing {unknown}
Miscellaneous
 c - a piece from Xom's chessboard (15/15)

Dungeon Overview and Level Annotations

Branches:
Dungeon (3/15)

Altars:


Message History

There is a stone staircase leading down here.
You hit the orc priest but do no damage.
You hit the rat. You freeze the rat.
You kill the rat!
You hit the orc.
The orc seems to speed up.
The orc barely misses you.
The orc priest hits you but does no damage.
Your Armour skill increases to level 3!
You hit the orc.
You kill the orc!
You hit the orc priest but do no damage.
The orc priest goes berserk!
The orc priest hits you with a +0 mace!
You closely miss the orc priest.
The orc priest hits you with a +0 mace. x2
You hit the orc priest. You freeze the orc priest.
The orc priest is lightly wounded.
The orc priest hits you with a +0 mace.
You hit the orc priest.
The orc priest is lightly wounded.
The orc priest hits you but does no damage.
The orc priest hits you with a +0 mace.
You closely miss the orc priest.
The orc priest is lightly wounded.
The orc priest hits you with a +0 mace.
You hit the orc priest. You freeze the orc priest.
The orc priest is moderately wounded.
The orc priest hits you with a +0 mace.
The orc priest hits you but does no damage.
You completely miss the orc priest.
The orc priest is moderately wounded.
The orc priest hits you with a +0 mace. x2
You barely miss the orc priest.
The orc priest is moderately wounded.
The orc priest hits you but does no damage.
You hit the orc priest. You drain the orc priest.
The orc priest is heavily wounded.
The orc priest hits you with a +0 mace.
You die...
Xom chortles!

#.#........#.#
#.#.#.####.#.#
#### #.#.#<# #.#.#
...#
#.#.########.#
...#
#.#..........#
...#####
#.############
.......# #.#
.......#########.#
.......+........@#
###....###.....o)#
# ###### #.......#
###### #.......#
.....#####.......#
........##.......#
........##.......#
........##.......#
.../.....#######.#


You could see an orc priest (berserk, very drained).

Vanquished Creatures
  2 adders (D:2)
  A worm (D:2)
  An orc (D:2)
  7 ball pythons
  A bat (D:2)
  3 endoplasms
  2 giant cockroaches
  3 jackals (D:1)
  3 kobolds
  3 quokkas
  5 frilled lizards
  3 goblins (D:1)
  3 rats
37 creatures vanquished.

Notes
Turn   | Place    | Note
-------+----------+-------------------------------------------
     0 | D:1      | qw the Barachi Chaos Knight began the quest for the Orb.
     0 | D:1      | Reached XP level 1. HP: 18/18 MP: 1/1
     0 | D:1      | 0 ||| qw: Version: 0.1-a-104-g96f76f8
     0 | D:1      | 0 ||| qw: Game counter: 5917
     0 | D:1      | 0 ||| qw: Always use a shield: true
     0 | D:1      | 0 ||| qw: God list: Okawaru
     0 | D:1      | 0 ||| qw: Allow faded altars: false
     0 | D:1      | 0 ||| qw: Do Orc after D:15 true
     0 | D:1      | 0 ||| qw: Do second Lair branch before Depths: true
     0 | D:1      | 0 ||| qw: Lair rune preference: random
     0 | D:1      | 0 ||| qw: Plans: Normal
     0 | D:1      | 0 ||| PLANNING D:1-11
     0 | D:1      | Fell from the grace of Xom
    53 | D:1      | HP: 4/18 [something (4)]
   491 | D:1      | Reached XP level 2. HP: 18/24 MP: 2/2
   604 | D:1      | Reached skill level 4 in Axes
   803 | D:1      | Found a faded altar of an unknown god.
  1306 | D:1      | 1306 ||| UPGRADING to +0 plate armour.
  1316 | D:1      | 1316 ||| DROPPING +2 leather armour.
  1317 | D:1      | 1317 ||| READING scroll labelled XOYTYU HIDUI.
  1318 | D:1      | 1318 ||| READING 2 scrolls labelled ZYUSHR VEASARONK.
  1319 | D:1      | 1319 ||| READING scroll labelled CAKODE HOLAF.
  1320 | D:1      | 1320 ||| DROPPING scroll of blinking.
  1397 | D:2      | Reached XP level 3. HP: 29/29 MP: 3/3
  1447 | D:2      | XOM: enchant monster (bad)
  1682 | D:2      | Reached skill level 5 in Axes
  1686 | D:2      | XOM: draining
  1735 | D:2      | 1735 ||| Stepping ~*~*~tactically~*~*~ (stealth).
  1736 | D:2      | 1736 ||| Stepping ~*~*~tactically~*~*~ (stealth).
  1749 | D:2      | XOM: give mutations
  1749 | D:2      | Gained mutation: You sometimes lose your temper in combat.
                  | [Xom's mischief]
  1749 | D:2      | Gained mutation: You have large cloven feet. [Xom's
                  | mischief]
  1749 | D:2      | Gained mutation: You are weak. (Str -2) [Xom's mischief]
  1805 | D:2      | 1805 ||| Stepping ~*~*~tactically~*~*~ (stealth).
  1982 | D:2      | XOM: noise
  1983 | D:2      | Reached XP level 4. HP: 32/33 MP: 4/4
  2133 | D:2      | 2133 ||| UPGRADING to +0 pair of boots.
  2138 | D:2      | 2138 ||| READING scroll labelled RIHIQENYTU.
  2185 | D:3      | 2185 ||| STAIRDANCE
  2188 | D:2      | Reached skill level 3 in Armour
  2193 | D:2      | HP: 6/34 [orc priest/+0 mace (3)]
  2194 | D:2      | HP: 2/34 [orc priest/+0 mace (4)]
  2196 | D:2      | Slain by an orc priest

Levels and vault maps discovered:
D:1:      erik_arrival_blinker_ship, layout_loops_corners,
          basic_ecumenical_altar, moated_statue
D:2:      layout_basic
D:3:      layout_basic

Skill      XL: |  1  2  3  4 |
---------------+-------------+-----
Axes           | 4 5 |  5.0
Armour         | 3 |  3.0
Fighting       | |  3.6
Dodging        | |  1.1

Action                   |  1- 3 |  4- 6 || total
-------------------------+-------+-------++-------
Melee: Hand axe          |   109 |    10 ||   119
       Kick              |     3 |       ||     3
Invok: Renounce Religion |     1 |       ||     1
  Use: Scroll            |     3 |     1 ||     4
 Stab: Petrifying        |     1 |       ||     1
Armor: Leather armour    |    15 |       ||    15
       Plate armour      |    34 |     6 ||    40
Dodge: Dodged            |    34 |     1 ||    35

Table legend:
 A = Non-vault XP
 B = Vault XP
 C = Vault XP percentage of total XP
 D = Non-vault monster count
 E = Vault monster count
 F = Vault count percentage of total count
                 A         B        C        D         E       F
            +---------+---------+-------+---------+---------+-------
      Total |      87 |       0 |   0.0 |      37 |       0 |   0.0
            +---------+---------+-------+---------+---------+-------
        D:1 |      33 |       0 |   0.0 |      21 |       0 |   0.0
        D:2 |      54 |       0 |   0.0 |      16 |       0 |   0.0
            +---------+---------+-------+---------+---------+-------
